Map: Ephemeron LE

Players

eSka - Winner!

  • Race: Protoss Protoss
  • League: Platinum
  • Spawn Location: 11:00

K.I.-1 (Sehr schwer)

  • Race: Zerg Zerg
  • Spawn Location: 5:00

VOD

Have the link to the VOD?

Description

Time

  • Played on: Dec. 24, 2019, 6:20 p.m.
  • Length: 13:03
Show
View Real Time Build Order
Export as new Build Order

eSka Protoss - Winner!

Build Orders: Nexus First, Colossus Rush 

Get SALT Encoding   

  12  0:00  Probe  
  13  0:13  Probe  
  14  0:22  Pylon  
  14  0:31  Probe (Chrono Boost)  
  15  0:41  Probe (Chrono Boost)  
  16  0:57  Nexus  
  16  1:09  Gateway  
  16  1:21  Assimilator  
  16  1:23  Probe (Chrono Boost)  
  17  1:26  Assimilator  
  17  1:35  Probe (Chrono Boost)  
  18  1:41  Probe (Chrono Boost)  
  18  1:42  Forge  
  19  1:59  Cybernetics Core  
  19  2:06  Probe  
  20  2:19  Probe (Chrono Boost)  
  20  2:20  Photon Cannon  
  21  2:25  Zealot  
  24  2:31  Probe (Chrono Boost)  
  24  2:34  Probe (Chrono Boost)  
  25  2:37  Warp Gate  
  25  2:43  Probe (Chrono Boost)  
  26  2:53  Probe  
  27  3:02  Sentry  
  27  3:05  Probe x2 (Chrono Boost)  
  31  3:13  Pylon  
  31  3:17  Probe (Chrono Boost)  
  31  3:18  Probe (Chrono Boost)  
  33  3:26  Probe x2 (Chrono Boost)  
  35  3:28  Stalker  
  35  3:31  Probe (Chrono Boost)  
  35  3:33  Probe (Chrono Boost)  
  39  3:37  Robotics Facility  
  39  3:44  Probe (Chrono Boost)  
  39  3:46  Assimilator  
  41  3:49  Probe (Chrono Boost)  
  41  3:50  Pylon  
  41  3:51  Probe (Chrono Boost)  
  41  3:53  Protoss Ground Weapons Level 1 (Chrono Boost)  
  42  3:55  Probe  
  42  3:58  Probe  
  42  4:02  Sentry  
  46  4:08  Probe  
  47  4:10  Probe  
  47  4:12  Assimilator  
  47  4:14  Pylon  
  48  4:21  Probe  
  48  4:22  Probe  
  50  4:24  Robotics Bay  
  50  4:29  Gateway, Observer  
  51  4:33  Probe, Gateway  
  51  4:34  Probe  
  53  4:44  Sentry  
  53  4:45  Probe  
  56  4:46  Probe  
  57  4:56  Twilight Council  
  57  4:57  Probe  
  57  4:58  Probe  
  59  5:09  Zealot  
  61  5:14  Extended Thermal Lance  
  61  5:18  Nexus  
  61  5:24  Pylon  
  61  5:25  Pylon  
  61  5:30  Charge (Chrono Boost)  
  61  5:39  Pylon  
  61  5:40  Pylon  
  61  5:42  Colossus (Chrono Boost)  
  61  5:43  Zealot x3  
  73  5:52  Protoss Ground Armor Level 1 (Chrono Boost)  
  73  5:59  Probe  
  73  6:00  Probe  
  75  6:09  Zealot x2  
  75  6:10  Zealot  
  81  6:12  Probe  
  82  6:21  Pylon  
  82  6:23  Gateway x2, Pylon  
  82  6:26  Gateway  
  82  6:28  Gateway  
  82  6:31  Gateway  
  82  6:32  Probe (Chrono Boost)  
  84  6:36  Probe (Chrono Boost)  
  84  6:40  Assimilator  
  84  6:41  Assimilator  
  84  6:45  Colossus (Chrono Boost)  
  90  6:55  Probe x3  
  93  7:01  Zealot  
  93  7:07  Probe x3  
  98  7:19  Probe x3, Sentry x2  
  98  7:20  Sentry x2  
  98  7:21  Colossus  
  109  7:31  Probe x3  
  109  7:32  Gateway  
  109  7:34  Gateway  
  109  7:35  Pylon  
  118  7:40  Protoss Ground Weapons Level 2 (Chrono Boost)  
  118  7:41  Blink (Chrono Boost)  
  118  7:42  Zealot x3  
  124  7:50  Probe  
  125  7:53  Probe x2  
  127  7:59  Pylon  
  127  8:00  Pylon  
  127  8:02  Probe  
  127  8:03  Zealot  
  127  8:04  Zealot  
  132  8:05  Probe  
  133  8:14  Colossus (Chrono Boost)  
  133  8:18  Gateway  
  140  8:20  Pylon  
  140  8:22  Pylon  
  140  8:24  Probe  
  142  8:30  Sentry x2  
  142  8:31  Sentry  
  142  8:32  Zealot  
  148  8:55  Zealot x4  
  156  8:56  Nexus  
  156  8:58  Assimilator  
  156  9:02  Assimilator  
  156  9:03  Colossus  
  156  9:04  Pylon  
  156  9:06  Pylon  
  156  9:09  Pylon  
  96  9:50  Zealot x5  
  96  9:51  Zealot x2  
  96  9:52  Zealot x4  
  116  9:57  Warp Prism  
  120  10:07  Protoss Ground Armor Level 2  
  114  10:34  Colossus  
  106  10:59  Stalker  
  106  11:00  Stalker x4  
  106  11:01  Stalker x5  
  106  11:02  Stalker  
  119  11:27  Zealot x5  
  119  11:28  Colossus, Zealot x6  
  145  11:49  Zealot x8  
  145  11:50  Zealot x3  
  167  12:12  Stalker x3  
  167  12:13  Stalker x4  
  167  12:14  Stalker x3  
  167  12:15  Stalker  
Show
View Real Time Build Order
Export as new Build Order

K.I.-1 (Sehr schwer) Zerg 

Build Orders: Pool First 

Get SALT Encoding   

  12  0:00  Drone  
  13  0:12  Overlord  
  13  0:16  Drone  
  14  0:30  Drone x2  
  16  0:42  Spawning Pool  
  15  0:45  Drone  
  15  0:48  Drone  
  17  1:11  Hatchery  
  17  1:14  Drone  
  17  1:17  Extractor  
  16  1:19  Drone  
  16  1:23  Drone  
  18  1:28  Drone  
  19  1:38  Overlord  
  19  1:49  Drone, Queen  
  22  1:59  Zergling x2  
  23  2:10  Drone  
  24  2:21  Drone  
  25  2:25  Queen, Roach Warren  
  25  2:26  Extractor  
  25  2:31  Drone  
  25  2:36  Drone  
  27  2:42  Overlord  
  27  2:46  Drone  
  27  2:49  Drone  
  29  2:53  Drone  
  29  2:56  Drone  
  31  2:59  Drone  
  31  3:03  Zergling x2  
  33  3:05  Zergling x2  
  33  3:10  Roach  
  36  3:14  Roach  
  36  3:18  Roach  
  40  3:23  Roach  
  40  3:26  Drone  
  43  3:27  Drone  
  43  3:33  Overlord  
  44  3:40  Lair  
  44  3:51  Drone x3  
  44  3:53  Overlord  
  47  3:56  Drone  
  47  3:58  Drone  
  47  4:01  Drone  
  50  4:03  Drone  
  50  4:05  Drone  
  52  4:11  Zergling x4, Drone  
  52  4:14  Zergling x2  
  56  4:17  Overlord  
  56  4:25  Roach  
  56  4:27  Roach  
  56  4:30  Overlord  
  60  4:36  Drone x2  
  62  4:42  Hydralisk Den, Drone  
  62  4:56  Overlord  
  62  5:00  Evolution Chamber, Drone  
  62  5:04  Drone  
  62  5:05  Evolution Chamber  
  62  5:06  Drone  
  63  5:08  Drone  
  63  5:10  Roach, Hydralisk  
  63  5:11  Hydralisk x2  
  63  5:12  Hydralisk  
  63  5:13  Roach  
  76  5:15  Drone, Lurker Den  
  76  5:18  Overlord  
  76  5:23  Drone  
  76  5:24  Drone  
  76  5:25  Zerg Missile Weapons Level 1  
  76  5:27  Drone  
  79  5:33  Drone  
  79  5:35  Drone, Infestation Pit  
  80  5:38  Overlord  
  80  5:41  Drone  
  81  5:48  Extractor  
  80  5:50  Drone  
  80  5:51  Extractor  
  80  5:52  Drone  
  81  6:00  Ravager  
  82  6:05  Roach  
  82  6:06  Evolution Chamber  
  82  6:11  Drone x3, Spine Crawler  
  85  6:12  Infestor  
  85  6:13  Overlord, Drone x3  
  85  6:14  Drone  
  91  6:23  Infestor  
  93  6:30  Ravager  
  94  6:33  Overlord, Roach  
  94  6:37  Hydralisk  
  98  6:41  Hydralisk  
  98  6:45  Spine Crawler  
  98  6:46  Hydralisk  
  101  6:51  Overlord, Hydralisk  
  103  7:04  Infestor  
  105  7:14  Overseer  
  105  7:15  Hatchery  
  104  7:23  Spore Crawler, Infestor, Drone  
  104  7:25  Spore Crawler  
  104  7:26  Roach, Drone  
  108  7:35  Metabolic Boost  
  108  7:45  Zerg Melee Weapons Level 1  
  108  7:51  Spine Crawler  
  107  7:58  Zerg Ground Armor Level 1  
  107  8:01  Roach  
  107  8:03  Overlord, Roach  
  113  8:05  Roach  
  113  8:09  Hydralisk  
  115  8:14  Hydralisk  
  115  8:17  Queen  
  119  8:22  Overlord  
  119  8:24  Lurker  
  121  8:27  Drone x3, Hydralisk  
  121  8:28  Drone x4  
  121  8:29  Drone x5  
  121  8:30  Drone x4  
  138  8:40  Overlord, Lurker  
  139  8:41  Extractor  
  139  8:42  Drone, Hydralisk  
  139  8:43  Spine Crawler  
  139  8:44  Hatchery  
  139  8:45  Drone  
  139  8:46  Drone  
  139  8:47  Extractor, Drone  
  141  8:56  Roach x2  
  141  8:59  Overlord  
  144  9:04  Drone x3  
  144  9:07  Hive  
  144  9:09  Drone  
  148  9:10  Drone x2  
  148  9:12  Zergling x4  
  147  9:18  Overlord, Roach  
  147  9:20  Roach  
  147  9:21  Roach  
  147  9:23  Roach  
  137  9:24  Roach  
  137  9:26  Roach  
  137  9:27  Roach  
  137  9:29  Roach  
  137  9:30  Roach  
  125  9:34  Hydralisk  
  125  9:37  Hydralisk  
  117  9:40  Zergling x2  
  117  9:42  Zergling x2  
  108  9:45  Hydralisk  
  108  9:49  Hydralisk  
  108  9:52  Infestor  
  114  9:57  Drone x2  
  114  9:58  Drone x2  
  114  10:02  Infestor, Queen  
  114  10:04  Roach  
  114  10:05  Drone x3  
  114  10:06  Roach, Drone x2  
  114  10:07  Drone  
  119  10:13  Drone  
  119  10:14  Drone  
  112  10:15  Zergling x2  
  112  10:17  Roach  
  112  10:18  Roach x2, Viper  
  112  10:21  Zergling x2, Drone, Hydralisk  
  108  10:24  Roach  
  108  10:26  Roach  
  108  10:27  Roach  
  108  10:28  Drone x2, Hydralisk  
  110  10:29  Roach  
  110  10:35  Hydralisk x2  
  110  10:38  Drone  
  110  10:39  Drone  
  107  10:46  Zergling x2  
  107  10:47  Roach, Infestor, Drone  
  107  10:48  Roach  
  107  10:49  Zergling x2  
  114  10:50  Roach  
  114  10:52  Infestor  
  114  10:53  Roach  
  114  10:57  Drone, Hydralisk  
  104  10:58  Drone  
  104  11:00  Drone x5  
  102  11:08  Hydralisk x2  
  102  11:11  Drone  
  93  11:12  Hydralisk  
  93  11:15  Zergling x2, Drone  
  93  11:17  Roach  
  89  11:20  Zergling x2  
  89  11:21  Roach  
  89  11:24  Roach  
  85  11:25  Drone  
  85  11:28  Roach  
  85  11:30  Hydralisk  
  78  11:33  Drone  
  78  11:35  Drone  
  62  11:42  Queen  
  62  11:45  Zergling x2  
  52  11:48  Zergling x2  
  52  11:53  Roach  
  8  12:41  Hatchery  
Tags
 
Add a new tag
Caveats
  • Supply blocks, unpowered buildings, or Contaminate may cause inaccurate times.
  • Supply counts are checked every 10 seconds.